 Dungeon Crawl Stone Soup version 0.20.0-15-g7f486f2 (webtiles) character file.

107 Chiseanne the Ducker (level 4, -2/23 HPs)
             Began as a Spriggan Warper on June 25, 2017.
             Was an Initiate of Gozag.
             Slain by a worm (9 damage)
             ... on level 3 of the Dungeon.
             The game lasted 00:05:16 (2899 turns).

Chiseanne the Ducker (Spriggan Warper)              Turns: 2899, Time: 00:05:16

Health: -2/23      AC:  2    Str:  7    XL:     4   Next: 57%
Magic:  10/10      EV: 20    Int: 15    God:    Gozag
Gold:   125        SH:  0    Dex: 15    Spells: 6/10 levels left

rFire    + . .     SeeInvis +   a - +0 short sword
rCold    . . .     Gourm    .   (shield restricted)
rNeg     . . .     Faith    .   b - +0 robe
rPois    .         Spirit   .   (helmet restricted)
rElec    .         Reflect  .   (no cloak)
rCorr    .         Harm     .   (gloves unavailable)
MR       .....                  (boots unavailable)
Stlth    ++........             (no amulet)
Regen    0.1/turn               p - ring of protection from fire
MPRegen  0.2/turn               (no ring)

@: very quick
A: unfitting armour, see invisible, herbivore 3, speed 3, slow metabolism 2
a: Potion Petition, Call Merchant, Bribe Branch, Renounce Religion


You were on level 3 of the Dungeon.
You worshipped Gozag.
Gozag was aware of your devotion.
You were not hungry.

You visited 1 branch of the dungeon, and saw 4 of its levels.

You collected 188 gold pieces.
You paid 63 gold pieces to Gozag.

Inventory:

Hand Weapons
 a - a +0 short sword (weapon)
Missiles
 e - a tomahawk of dispersal (quivered)
 h - 72 arrows
 i - 52 stones
 m - 19 sling bullets
 o - 18 poisoned needles
 r - 17 bolts
Armour
 b - a +0 robe (worn)
Jewellery
 p - a ring of protection from fire (left hand)
Scrolls
 d - 2 scrolls of blinking
 n - 2 scrolls of teleportation
 q - a scroll of remove curse
Potions
 g - 2 potions of curing
 l - a potion of flight {unknown}
Books
 c - a book of Spatial Translocations

   Spells                             Type                      Level
   a - Blink                          Translocation                2
   b - Shroud of Golubria             Charms/Translocation         2
   c - Lesser Beckoning               Translocation                3
   d - Gell's Gravitas                Translocation                3
   e - Teleport Other                 Translocation                3
   f - Passage of Golubria            Translocation                4
Comestibles
 f - a bread ration
 j - 4 fruits
 k - a royal jelly


   Skills:
 * Level 2.4 Fighting
 - Level 2.1 Short Blades
 - Level 1.0 Throwing
 * Level 4.8 Dodging
 * Level 2.7 Stealth
 * Level 3.8 Spellcasting
 - Level 4.4 Translocations


You had 6 spell levels left.
You knew the following spells:

 Your Spells              Type           Power        Failure   Level  Hunger
a - Blink                 Tloc           N/A          4%          2    ##.....
b - Shroud of Golubria    Chrm/Tloc      #.........   11%         2    ##.....


Dungeon Overview and Level Annotations

Branches:
Dungeon (4/15)
 Temple: D:4-7

Altars:
Cheibriados
Gozag
Zin

Annotations:
D:2 1 runed door, Sigmund
D:3 Terence


Innate Abilities, Weirdness & Mutations

You are very small and have problems with some larger weapons.
You are too small for most types of armour.
You have supernaturally acute eyesight. (SInv)
You are a herbivore.
You cover ground extremely quickly.
You need consume almost no food.


Message History

You barely miss the worm.
The worm is severely wounded.
You barely miss the worm.
The worm is severely wounded.
The worm barely misses you.
You hit the worm but do no damage.
The worm is severely wounded.
You hit the worm but do no damage.
The worm is severely wounded.
The worm barely misses you.
You hit the worm.
The worm is severely wounded.
The worm completely misses you.
You hit the worm but do no damage.
The worm is severely wounded.
You completely miss the worm.
The worm is severely wounded.
The worm bites you!
You die...
Your body crumbles into a pile of gold.

#. #.## $ . #...
.. #..# ...
#..####..#
##...$...
#.....######
#.w@.......#
#.....####.#
#########
##...##
........# #####
@.###.#.# ##
..)##.#.###.##
.#
...>.......#.###
#### .#
..###.#.###.#..
..# ##.##
........# #.#.#
#.# #.o.#


You could see a worm.

Vanquished Creatures
  Jessica (D:2)
  A gnoll (D:3)
  2 adders (D:2)
  An ooze (D:3)
  A worm (D:2)
  A leopard gecko (D:1)
  A ball python (D:2)
  7 bats
  5 giant cockroaches
  3 goblins
  6 hobgoblins
  2 quokkas (D:2)
  3 frilled lizards
  4 kobolds
  11 rats
49 creatures vanquished.

Notes
Turn   | Place    | Note
-------+----------+-------------------------------------------
     0 | D:1      | Chiseanne the Spriggan Warper began the quest for the Orb.
     0 | D:1      | Reached XP level 1. HP: 10/10 MP: 5/5
   321 | D:1      | Reached skill level 1 in Stealth
   322 | D:1      | Found a snail-covered altar of Cheibriados.
   361 | D:1      | Reached XP level 2. HP: 15/15 MP: 7/7
   915 | D:1      | Learned a level 2 spell: Blink
   918 | D:1      | Learned a level 2 spell: Shroud of Golubria
  1127 | D:2      | Noticed Sigmund
  1145 | D:2      | Reached XP level 3. HP: 18/18 MP: 8/8
  1304 | D:2      | Noticed Jessica
  1317 | D:2      | Killed Jessica
  1340 | D:2      | Reached XP level 4. HP: 23/23 MP: 10/10
  1371 | D:2      | Found a glowing silver altar of Zin.
  2061 | D:2      | Found a runed door.
  2319 | D:3      | Noticed Terence
  2386 | D:3      | Found an opulent altar of Gozag.
  2392 | D:3      | Became a worshipper of Gozag Ym Sagoz the Greedy
  2899 | D:3      | Slain by a worm

Skill      XL: |  1  2 |
---------------+-------+-----
Stealth        | 1 2 |  2.7
Spellcasting   | 3 |  3.8
Dodging        | 4 |  4.8
Fighting       | 2 |  2.4
Short Blades   | |  2.1
Throwing       | |  1.0
Translocations | |  4.4

Action                   |  1- 3 |  4- 6 || total
-------------------------+-------+-------++-------
Melee: Short sword       |    99 |   112 ||   211
Throw: Tomahawk          |     4 |       ||     4
  Use: Scroll            |     5 |     1 ||     6
 Stab: Sleeping          |     5 |     4 ||     9
       Distracted        |       |     1 ||     1
Armor: Robe              |     5 |     9 ||    14
Dodge: Dodged            |    73 |    87 ||   160
